Map: 10000 Feet LE

Players

Rescue

  • Race: Zerg Zerg
  • League: Master
  • Spawn Location: 5:00

Cheater 1 (Vision) - Winner!

  • Race: Terran Terran
  • Spawn Location: 11:00

VOD

Have the link to the VOD?

Description

Time

  • Played on: Jan. 9, 2026, 5:07 p.m.
  • Length: 3:52
Show
View Real Time Build Order
Export as new Build Order

Rescue Zerg 

Build Orders: Hatch First 

Get SALT Encoding   

  12  0:00  Drone  
  13  0:08  Drone  
  14  0:16  Overlord  
  14  0:22  Extractor, Drone  
  15  0:34  Drone  
  16  0:47  Hatchery  
  16  0:49  Drone  
  16  0:54  Drone  
  17  0:57  Drone  
  18  1:08  Extractor  
  17  1:12  Spawning Pool  
  17  1:15  Drone  
  17  1:18  Drone  
  18  1:27  Drone  
  19  1:36  Drone  
  20  1:47  Drone  
  21  1:59  Queen x2  
  21  2:01  Zergling x2  
  26  2:02  Overlord  
  26  2:09  Drone  
  26  2:11  Drone  
  26  2:14  Metabolic Boost  
  28  2:26  Drone x2  
  30  2:31  Drone x2  
  30  2:34  Queen  
  34  2:46  Hatchery  
  34  2:49  Overlord  
  33  2:52  Drone  
  33  2:55  Zergling x2  
  33  2:57  Zergling x2  
  36  3:08  Drone x3  
  36  3:09  Drone  
  36  3:10  Drone x2  
  36  3:11  Overlord  
  42  3:18  Drone x2  
  46  3:35  Drone x2  
  46  3:40  Drone  
  49  3:41  Spore Crawler x2  
  47  3:49  Roach Warren  
  47  3:50  Evolution Chamber  
Show
View Real Time Build Order
Export as new Build Order

Cheater 1 (Vision) Terran - Winner!

Build Orders:  

Get SALT Encoding   

  12  0:00  SCV  
  13  0:13  SCV  
  14  0:18  Supply Depot  
  14  0:25  SCV  
  15  0:39  SCV  
  16  0:43  Barracks  
  16  0:51  SCV  
  17  1:04  SCV  
  18  1:11  Refinery  
  18  1:13  Supply Depot  
  18  1:16  SCV  
  19  1:28  SCV  
  20  1:33  Marine  
  21  1:40  Command Center  
  21  2:03  SCV, Barracks  
  21  2:06  Marine  
  23  2:14  Factory  
  23  2:15  SCV  
  24  2:19  Supply Depot  
  24  2:24  Marine  
  24  2:27  SCV  
  26  2:39  SCV  
  26  2:42  Marine  
  28  2:51  SCV  
  28  2:52  Orbital Command, Marine  
  30  2:59  Refinery, Factory Tech Lab  
  30  3:07  Orbital Command  
  30  3:09  Marine  
  30  3:12  Marine  
  32  3:17  SCV  
  33  3:27  Marine  
  33  3:29  SCV, Marine  
  33  3:32  SCV  
  37  3:34  Barracks  
  37  3:46  Barracks Tech Lab  
  37  3:48  Barracks Tech Lab  
  39  3:52  Supply Depot  
Tags
 
League
Master
Matchup
TvZ
Spawn Locations
Cross Positions
Add a new tag
Caveats
  • Supply blocks, unpowered buildings, or Contaminate may cause inaccurate times.
  • Supply counts are checked every 10 seconds.